 Dungeon Crawl Stone Soup version 0.31-a0-95-g6fa058ef04 (webtiles) character file.

Game seed: 8823453270112561689

12539 zero the Thaumaturge (level 11, -14/69 HPs)
             Began as a Deep Elf Earth Elementalist on May 25, 2023.
             Was a Priest of Vehumet.
             Hit by a javelin thrown by Urug (17 damage)
             ... on level 1 of the Lair of Beasts.
             The game lasted 00:20:37 (10097 turns).

zero the Thaumaturge (Deep Elf Earth Elementalist) Turns: 10097, Time: 00:20:38

Health: -14/69     AC:  9    Str:  5    XL:     11   Next: 63%
Magic:  27/29      EV: 19    Int: 25    God:    Vehumet [***...]
Gold:   617        SH:  0    Dex: 15    Spells: 18/35 levels left

rFire   . . .        b - staff of conjuration {!a}
rCold   . . .        (no shield)
rNeg    . . .        H - +0 steam dragon scales
rPois   .            s - +0 helmet
rElec   .            (no cloak)
rCorr   .            e - +1 pair of gloves
SInv    +            F - +0 pair of boots of Slovenliness {+Blink Will+ SInv}
Will    ++...        q - amulet of magic regeneration
Stlth   +++          i - ring of wizardry
HPRegen 0.31/turn    v - +5 ring of evasion
MPRegen 0.61/turn

%: wizardry (x1)
@: no status effects
A: no striking features
a: Renounce Religion, Evoke Blink


You were on level 1 of the Lair of Beasts.
You worshipped Vehumet.
Vehumet was most pleased with you.
You visited 2 branches of the dungeon, and saw 11 of its levels.

You collected 617 gold pieces.

Inventory:

Hand Weapons
 o - a +1 rapier
Missiles
 n - 30 poisoned darts
Armour
 e - a +1 pair of gloves (worn)
 s - a +0 helmet (worn)
 F - the +0 pair of boots of Slovenliness (worn) {+Blink Will+ SInv}
   (You found it on level 8 of the Dungeon)

   SInv:      It lets you see invisible.
   +Blink:    It lets you blink.
   Will:      It increases your willpower.
 H - +0 steam dragon scales (worn)
Magical Staves
 b - a staff of conjuration (weapon) {!a}
 g - a staff of poison
Jewellery
 i - a ring of wizardry (left hand)
 p - a ring of poison resistance
 q - an amulet of magic regeneration (around neck)
 v - a +5 ring of evasion (right hand)
Wands
 w - a wand of mindburst (2)
 A - a wand of flame (33)
 G - a wand of charming (16)
 J - a wand of polymorph (1)
Scrolls
 f - 2 scrolls of immolation
 j - 2 scrolls of torment
 r - 2 scrolls of poison
 y - 2 scrolls of fear
 I - 2 scrolls of teleportation
Potions
 h - 3 potions of curing
 k - a potion of cancellation
 l - a potion of haste
 m - 6 potions of brilliance
 t - 2 potions of attraction
 u - 5 potions of mutation
 x - 2 potions of heal wounds
 B - a potion of berserk rage
 C - a potion of enlightenment
 E - 2 potions of lignification


   Skills:
 + Level 8.3 Fighting
 - Level 5.0 Dodging
 - Level 5.0 Stealth
 + Level 12.7 Spellcasting
 - Level 5.0 Conjurations
 - Level 2.0 Translocations
 - Level 5.0 Transmutations
 - Level 5.0 Ice Magic
 - Level 5.0 Air Magic
 - Level 8.0 Earth Magic


You had 18 spell levels left.
You knew the following spells:

 Your Spells              Type           Power      Damage    Failure   Level
a - Sandblast             Erth           100%       2d20      1%          1
b - Stone Arrow           Conj/Erth      100%       3d13      1%          3
c - Freezing Cloud        Conj/Ice/Air   22%        6-21      4%          5
d - Irradiate             Conj/Tmut      24%        3d19      3%          5
e - Blink                 Tloc           50%        N/A       1%          2
g - Apportation           Tloc           50%        N/A       1%          1

Your spell library contained the following spells:

 Spells                   Type           Power      Damage    Failure   Level
 Frozen Ramparts          Ice            80%        1d13      1%          3
 Beastly Appendage        Tmut           80%        N/A       1%          1
 Magic Dart               Conj           100%       1d8       1%          1
 Necrotise                Necr           60%        1d7       1%          1
 Summon Small Mammal      Summ           60%        N/A       1%          1
 Lesser Beckoning         Tloc           50%        N/A       1%          2
 Momentum Strike          Conj/Tloc      76%        3d10      1%          2
 Passwall                 Tmut/Erth      33%        N/A       1%          2
 Wereblood                Tmut           40%        N/A       1%          2
 Ignite Poison            Fire/Tmut/Pois 13%        N/A       1%          3
 Mephitic Cloud           Conj/Pois/Air  32%        N/A       1%          3
 Petrify                  Tmut/Erth      40%        N/A       1%          4
 Call Imp                 Summ           30%        N/A       2%          2
 Cigotuvi's Dreadful Rot  Necr/Pois/Air  26%        N/A       2%          2
 Spider Form              Tmut/Pois      20%        N/A       3%          3
 Blade Hands              Tmut           20%        N/A       5%          5
 Dragon Form              Tmut           20%        N/A       82%         7


Dungeon Overview and Level Annotations

Branches:
Dungeon (10/15)            Temple (0/1) D:6            Lair (1/5) D:10
    Orc: D:9-12

Altars:
Fedhas
Gozag
Hepliaklqana
Makhleb
Ru
Trog
Uskayaw
Vehumet
Wu Jian
Yredelemnul
Zin

Annotations:
Lair:1 Urug


Message History

Vehumet accepts your kill.
The yak is engulfed in freezing vapours.
You kill the yak!
Vehumet accepts your kill.
You feel your power returning.
Casting: Sandblast (safe; 1% risk of failure)
Confirm with . or Enter, or press ? or * to list all spells.
Aiming: Sandblast (safe; 1% risk of failure)
Press: ? - help, Shift-Dir - straight line, f/p - yak
Aim: a yak (almost dead, 91% to hit)
The blast of sand hits the yak!
You kill the yak!
Vehumet accepts your kill.
The yak is engulfed in freezing vapours.
Casting: Sandblast (safe; 1% risk of failure)
Confirm with . or Enter, or press ? or * to list all spells.
Aiming: Sandblast (safe; 1% risk of failure)
Press: ? - help, Shift-Dir - straight line, f - yak
Aim: a yak (severely wounded, 91% to hit)
The blast of sand hits the yak but does no damage.
The yak is severely wounded.
Urug is engulfed in freezing vapours.
The yak closely misses you. The yak attacks as you move away!
The yak gores you but does no damage.
Casting: Sandblast (safe; 1% risk of failure)
Confirm with . or Enter, or press ? or * to list all spells.
Aiming: Sandblast (safe; 1% risk of failure)
Press: ? - help, Shift-Dir - straight line, f/p - yak
Aim: a yak (severely wounded, 91% to hit)
The blast of sand hits the yak!!
You kill the yak!
Vehumet accepts your kill.
You feel your power returning.
Your magical contamination has completely faded away.
Urug throws a javelin.
The javelin pierces through you!
* * * LOW HITPOINT WARNING * * *
There is a staircase back to the Dungeon here.
Items here: ))) [.
Urug throws a javelin.
The javelin pierces through you!
You die...

.. ##.#.......#
..
#..##....PP##.#
##..#.##..##..
##...##.#... #
#.o..P.#.##..
#...........#
#.).........#
#...#..##...
#.P...@#
....##..##
....###..# .#.#
....P ..#
..##.. .. #.#
##. #P. .. ..


You could see Urug.

Vanquished Creatures
  Sonja (Lair:1)
  2 sixfirhies (D:9)
  A cane toad (Lair:1)
  An orange demon (D:9)
  An unseen horror zombie (D:8)
  A komodo dragon (D:10)
  2 ice devils (D:9)
  2 hornets
  A troll (D:9)
  A hellwing (D:9)
  A wyvern (D:9)
  A ynoxinul (D:9)
  A wraith (D:10)
  A steam dragon (D:7)
  Grum (Lair:1)
  A vampire (D:10)
  29 yaks
  A chaos spawn (D:9)
  2 swamp worms (D:9)
  An orc warrior (D:8)
  An ice beast (D:5)
  2 ogres (D:5)
  4 wolves (Lair:1)
  3 centaurs (D:8)
  A kobold brigand (D:10)
  3 bullfrogs
  A gnoll sergeant (D:10)
  2 scorpions
  11 killer bees
  4 centaur zombies (D:8)
  4 quasits (D:9)
  4 hounds
  A gnoll bouda (D:6)
  4 orc priests
  2 jellies
  7 iguanas
  5 orc wizards
  2 killer bee zombies (D:8)
  A howler monkey zombie (D:8)
  20 gnolls
  8 adders
  2 shadow imps
  A white imp (D:5)
  2 worms
  3 dart slugs (D:2)
  21 orcs
  6 endoplasms
  9 giant cockroaches
  6 goblins
  6 hobgoblins
  2 quokkas (D:2)
  4 ball pythons (D:2)
  6 bats
  7 frilled lizards
  11 kobolds
  6 rats
234 creatures vanquished.

Notes
Turn   | Place    | Note
-------+----------+-------------------------------------------
     0 | D:1      | zero the Deep Elf Earth Elementalist began the quest for
                  | the Orb.
     0 | D:1      | Reached XP level 1. HP: 10/10 MP: 6/6
   221 | D:1      | Reached XP level 2. HP: 16/16 MP: 5/8
   595 | D:1      | Reached skill level 1 in Fighting
   600 | D:1      | Reached XP level 3. HP: 9/20 MP: 5/10
   604 | D:1      | Learned a level 3 spell: Stone Arrow
  1027 | D:2      | Reached skill level 4 in Spellcasting
  1173 | D:2      | Reached XP level 4. HP: 16/26 MP: 3/12
  1541 | D:2      | Reached skill level 1 in Conjurations
  2219 | D:3      | Reached XP level 5. HP: 30/30 MP: 11/14
  2453 | D:3      | Reached skill level 5 in Spellcasting
  3045 | D:4      | Reached XP level 6. HP: 33/36 MP: 5/15
  3848 | D:5      | Entered Level 5 of the Dungeon
  4208 | D:5      | Noticed an ice beast
  4214 | D:5      | Killed an ice beast
  4215 | D:5      | Reached XP level 7. HP: 23/41 MP: 3/16
  4221 | D:5      | Reached skill level 5 in Earth Magic
  4315 | D:5      | Found a radiant altar of Vehumet.
  4325 | D:5      | Became a worshipper of Vehumet
  4690 | D:5      | Reached skill level 5 in Stealth
  5191 | D:6      | Reached XP level 8. HP: 16/48 MP: 1/18
  5423 | D:6      | Found a staircase to the Ecumenical Temple.
  6028 | D:7      | Found a hide-covered altar of Uskayaw.
  6030 | D:7      | Found a sacrificial altar of Ru.
  6035 | D:7      | You fall into a shaft and drop 3 floors!
  6035 | D:10     | Entered Level 10 of the Dungeon
  6037 | D:10     | Noticed a komodo dragon
  6044 | D:10     | Killed a komodo dragon
  6045 | D:10     | Reached skill level 6 in Spellcasting
  6197 | D:10     | Reached skill level 5 in Dodging
  6197 | D:10     | Reached skill level 7 in Spellcasting
  6292 | D:9      | Noticed a hellwing
  6296 | D:9      | Killed a hellwing
  6297 | D:9      | Reached skill level 8 in Spellcasting
  6297 | D:9      | Reached XP level 9. HP: 52/53 MP: 6/23
  6302 | D:9      | Reached skill level 5 in Fighting
  6305 | D:9      | Reached skill level 5 in Conjurations
  6471 | D:9      | Noticed an ice devil
  6476 | D:9      | Killed an ice devil
  6564 | D:9      | Reached skill level 1 in Ice Magic
  6564 | D:9      | Reached skill level 1 in Air Magic
  6565 | D:9      | Reached * piety under Vehumet
  6565 | D:9      | Offered knowledge of Shock by Vehumet.
  6572 | D:9      | Learned a level 5 spell: Freezing Cloud
  6750 | D:9      | Noticed an orange demon
  6754 | D:9      | Killed an orange demon
  6945 | D:9      | Noticed a sixfirhy
  6946 | D:9      | Noticed an ice devil
  6956 | D:9      | Killed a sixfirhy
  6957 | D:9      | Reached skill level 9 in Spellcasting
  6959 | D:9      | Killed an ice devil
  6960 | D:9      | Reached XP level 10. HP: 59/60 MP: 11/25
  7042 | D:9      | Noticed a sixfirhy
  7047 | D:9      | Killed a sixfirhy
  7474 | D:8      | Reached skill level 10 in Spellcasting
  7692 | D:8      | Identified the +0 pair of boots of Slovenliness {+Blink
                  | Will+ SInv}
  7725 | D:8      | Reached ** piety under Vehumet
  7737 | D:8      | Offered knowledge of Static Discharge by Vehumet.
  7770 | D:8      | Reached skill level 5 in Ice Magic
  7818 | D:8      | Found a basalt altar of Yredelemnul.
  7871 | D:8      | Found an opulent altar of Gozag.
  7872 | D:8      | Found a glowing silver altar of Zin.
  8084 | D:7      | Learned a level 5 spell: Irradiate
  8086 | D:7      | Learned a level 1 spell: Apportation
  8089 | D:7      | Learned a level 2 spell: Blink
  8119 | D:7      | Reached skill level 5 in Air Magic
  8201 | D:7      | Reached skill level 1 in Translocations
  8415 | D:7      | Found an ornate altar of the Wu Jian Council.
  8558 | D:7      | Found a hazy altar of Hepliaklqana.
  8562 | D:7      | Found a blossoming altar of Fedhas.
  9166 | D:10     | Reached skill level 11 in Spellcasting
  9196 | D:10     | Reached XP level 11. HP: 67/67 MP: 20/28
  9408 | D:10     | Offered knowledge of Frozen Ramparts by Vehumet.
  9463 | D:10     | Found a staircase to the Lair.
  9474 | D:10     | Found a bloodstained altar of Trog.
  9711 | D:10     | Found a burning altar of Makhleb.
 10039 | Lair:1   | Entered Level 1 of the Lair of Beasts
 10057 | Lair:1   | Noticed Sonja
 10059 | Lair:1   | Killed Sonja
 10070 | Lair:1   | Reached *** piety under Vehumet
 10075 | Lair:1   | Reached skill level 12 in Spellcasting
 10075 | Lair:1   | Reached skill level 5 in Transmutations
 10076 | Lair:1   | Noticed Grum
 10080 | Lair:1   | Noticed Urug
 10081 | Lair:1   | Killed Grum
 10095 | Lair:1   | HP: 2/69 [Urug/javelin (14)]
 10097 | Lair:1   | Hit by a javelin thrown by Urug

Illustrated notes

Levels and vault maps discovered:
D:1:      sevenhm_arrival_forest_fort_large_4, layout_basic,
          chequers_serial_rivers_small_3
D:2:      layout_basic, minmay_surrounded
D:3:      layout_loops_ring, kennysheep_cluttered_room, serial_bayou_lagoon_b
D:4:      layout_rooms, hex_tiny, minmay_cupped
D:5:      layout_basic, nicolae_vehumet_altar_sigil
D:6:      layout_gridville, temple_fountains
D:7:      layout_cave_pools, nicolae_overflow_hidden_temple,
          chequers_temple_overflow_statue_of_worship
D:8:      layout_gridville, grunt_temple_overflow_gold_and_silver,
          nicolae_yredelemnul_corpse_copse
D:9:      layout_stronghold, serial_demonic, serial_demonic_a, serial_demonic_c,
          serial_demonic_f, serial_demonic_g, serial_demonic_c,
          serial_demonic_g, serial_demonic_e, serial_demonic_c, worms_lemuel
D:10:     layout_loops_cross, mainiacjoe_overflow_six_doors_small,
          mainiacjoe_overflow_cross_hatched, lair_entry_dummy
Lair:1:   layout_misc_corridors, uniq_sonja, uniq_urug, uniq_grum

Skill      XL: |  1  2  3  4  5  6  7  8  9 10 11 |
---------------+----------------------------------+-----
Fighting       | 1 2 3 4 5 7 8 |  8.3
Spellcasting   | 4 5 8 9 11 12 | 12.7
Conjurations   | 1 2 3 4 5 |  5.0
Earth Magic    | 4 5 6 8 |  8.0
Stealth        | 3 5 |  5.0
Dodging        | 4 5 |  5.0
Ice Magic      | 3 5 |  5.0
Air Magic      | 3 5 |  5.0
Translocations | 2 |  2.0
Transmutations | 3 5 |  5.0

Action                     |  1- 3 |  4- 6 |  7- 9 | 10-12 || total
---------------------------+-------+-------+-------+-------++-------
  Melee: Dagger            |     6 |     1 |       |       ||     7
         Staff             |       |     1 |       |     1 ||     2
   Cast: Sandblast         |    41 |    45 |    36 |    60 ||   182
         Stone Arrow       |     1 |    29 |    60 |    61 ||   151
         Freezing Cloud    |       |       |       |    19 ||    19
         Irradiate         |       |       |       |     1 ||     1
  Evoke: Wand              |       |    39 |       |     1 ||    40
    Use: Scroll            |       |     1 |    18 |     5 ||    24
         Potion            |       |       |     1 |       ||     1
 Armour: Robe              |     6 |     9 |    10 |     8 ||    33
         Steam dragon scal |       |       |       |     6 ||     6
  Dodge: Dodged            |    10 |    30 |    33 |    71 ||   144

Table legend: (Time is in decaauts)
 A = Elapsed time spent in this place.
 B = Non-inter-level travel time spent in this place.
 C = Inter-level travel time spent in this place.
 D = Time resting spent in this place.
 E = Time spent auto-exploring this place.
 F = Levels seen in this place.
 G = Mean time per level.
                   A        B        C        D        E       F      G
               +--------+--------+--------+--------+--------+-----+--------+
         Total |  10221 |   9816 |    405 |   2440 |   6026 |  11 |  929.2 |
       Dungeon |  10157 |   9753 |    404 |   2440 |   6020 |  10 | 1015.7 |
          Lair |     63 |     63 |      0 |      0 |      6 |   1 |   63.0 |
               +--------+--------+--------+--------+--------+-----+--------+

Top non-repeatable levels by time:
     D:9: 1584 daAuts
     D:5: 1162 daAuts
    D:10: 1159 daAuts
     D:3: 1093 daAuts
     D:2: 1065 daAuts
     D:1: 999 daAuts
     D:6: 992 daAuts
     D:8: 759 daAuts
     D:4: 745 daAuts
     D:7: 595 daAuts
  Lair:1: 63 daAuts
